 Dungeon Crawl Stone Soup version 0.19.0-11-g3fc08b3 (webtiles) character file.

100 Krapule the Insei (level 4, -1/29 HPs)
             Began as an Octopode Transmuter on Nov 8, 2016.
             Killed from afar by Sigmund (9 damage)
             ... with a magic dart
             ... on level 2 of the Dungeon.
             The game lasted 00:06:15 (1558 turns).

Krapule the Insei (Octopode Transmuter)             Turns: 1558, Time: 00:06:16

Health: -1/29      AC:  1    Str:  9    XL:     4   Next: 74%
Magic:  1/7        EV: 16    Int: 15    God:
Gold:   91         SH:  0    Dex: 13    Spells: 2 memorised, 5 levels left

rFire  . . .     SeeInvis .       - Unarmed
rCold  . . .     Gourm    .     (no shield)
rNeg   . . .     Faith    .     (helmet restricted)
rPois  .         Spirit   .     (no amulet)
rElec  .         Reflect  .     f - +2 ring of evasion
rCorr  .         Harm     .     (no ring)
MR     .....                    (no ring)
Stlth  ++........               (no ring)
                                (no ring)
                                (no ring)
                                (no ring)
                                (no ring)

@: appendage (expiring)
A: almost no armour, stealthy swim, amphibious, 8 rings, constrict 8, tentacle
spike 3, camouflage 1, gelatinous body 1
a: End Transformation


You were on level 2 of the Dungeon.
You were not hungry.
One of your tentacles had a temporary spike.
You visited 1 branch of the dungeon, and saw 2 of its levels.

You collected 91 gold pieces.

Inventory:

Missiles
 a - 7 arrows
Jewellery
 f - a +2 ring of evasion (left tentacle)
Scrolls
 i - a scroll of recharging {unknown}
 j - a scroll of enchant weapon {unknown}
Potions
 d - 2 potions of curing
 e - a potion of berserk rage {unknown}
 h - a potion of agility
Books
 b - a book of Changes

   Spells                             Type                      Level
   a - Beastly Appendage              Transmutation                1
   b - Sticks to Snakes               Transmutation                2
   c - Spider Form                    Transmutation/Poison         3
   d - Ice Form                       Ice/Transmutation            4
   e - Blade Hands                    Transmutation                5
Comestibles
 c - a bread ration
 g - a slice of pizza


   Skills:
 + Level 2.2 Fighting
 + Level 2.6 Dodging
 + Level 3.3 Unarmed Combat
 + Level 2.5 Spellcasting
 + Level 2.9 Transmutations


You had 5 spell levels left.
You knew the following spells:

 Your Spells              Type           Power        Failure   Level  Hunger
a - Beastly Appendage     Tmut           ##....       8%          1    #......
z - Sticks to Snakes      Tmut           ##......     12%         2    ###....


Dungeon Overview and Level Annotations

Branches:
Dungeon (2/15)

Altars:

Annotations:
D:2 Sigmund


Innate Abilities, Weirdness & Mutations

You cannot wear most types of armour.
You are very stealthy in the water. (Stealth+)
You are amphibious.
You can wear up to eight rings at the same time.
You can use your tentacles to constrict eight enemies at once.
Your skin changes colour to match your surroundings (Stealth+).
Your rubbery body absorbs attacks. (AC +1, EV +1)
One of your tentacles bears a large vicious spike.


Message History

Your ball python constricts Sigmund.
Your ball python bites Sigmund.
You tentacle-slap Sigmund.
Sigmund is severely wounded.
Your ball python bites Sigmund but does no damage.
Your ball python constricts Sigmund.
Your ball python bites Sigmund.
Sigmund gestures wildly while chanting.
Sigmund flickers and vanishes!
Deactivating autopickup; reactivate with Ctrl-A.
Your transformation is almost over.
Your ball python releases its grip on something.
A magic dart appears from out of thin air!
The magic dart hits your ball python.
Your ball python dies!
A magic dart appears from out of thin air!
The magic dart hits your ball python.
Your ball python dies!
You see here an adder corpse.
A magic dart appears from out of thin air!
The magic dart hits you!
You die...

########.. # #..........#
# #..........# #########
#..........# ........#
#..........# #######†#
#..........# ...# #.#
#..........#
##.####÷#######..........#
##.##...........@†..{....#
##.##.#.######.........%.#
##.##.#.# #..........$#
#.##.#.# #...........#
##.##.#.# #...........#
...##(#.# #.........###
##.##.#.# ###########
#.##.#.# #####.#.#


There were no monsters in sight!

Vanquished Creatures
  Natasha (D:2)
  An adder (D:2)
  3 dart slugs
  2 leopard geckos
  2 ball pythons (D:2)
  2 giant cockroaches (D:1)
  11 goblins
  4 hobgoblins
  9 jackals (D:1)
  5 bats
  3 frilled lizards
  5 kobolds
  5 rats
53 creatures vanquished.

Vanquished Creatures (collateral kills)
  A worm (D:2)
1 creature vanquished.

Grand Total: 54 creatures vanquished

Notes
Turn   | Place    | Note
-------+----------+-------------------------------------------
     0 | D:1      | Krapule the Octopode Transmuter began the quest for the Orb.
     0 | D:1      | Reached XP level 1. HP: 13/13 MP: 3/3
    64 | D:1      | Reached XP level 2. HP: 15/18 MP: 5/5
   276 | D:1      | Reached XP level 3. HP: 11/24 MP: 6/6
   693 | D:1      | Learned a level 2 spell: Sticks to Snakes
  1153 | D:2      | Reached XP level 4. HP: 29/29 MP: 7/7
  1312 | D:2      | Noticed Natasha
  1316 | D:2      | Killed Natasha
  1537 | D:2      | Noticed Sigmund
  1558 | D:2      | Killed from afar by Sigmund

Skill      XL: |  1  2  3 |
---------------+----------+-----
Fighting       | 2 |  2.2
Dodging        | |  2.6
Unarmed Combat | |  3.3
Spellcasting   | |  2.5
Transmutations | |  2.9

Action                   |  1- 3 |  4- 6 || total
-------------------------+-------+-------++-------
Melee: Unarmed           |    93 |    24 ||   117
       Constrict         |    24 |     7 ||    31
       Tentacles         |    11 |     2 ||    13
       Punch             |     2 |       ||     2
       Kick              |       |     1 ||     1
 Cast: Sticks to Snakes  |     1 |     4 ||     5
       Beastly Appendage |       |     2 ||     2
  Use: Scroll            |       |     2 ||     2
 Stab: Sleeping          |     4 |       ||     4
       Distracted        |     1 |       ||     1
  Eat: Chunk             |       |     2 ||     2
Armor: Skin              |     2 |       ||     2
Dodge: Dodged            |    68 |    16 ||    84
